 Dungeon Crawl Stone Soup version 0.24-a0-582-g4d4af81 (webtiles) character file.

Game seed: 9171203234530198343

92 pichaelthompson the Charmwright (level 4, -6/27 HPs)
             Began as a Gargoyle Skald on Aug 27, 2019.
             Killed by divine providence
             ... invoked by an orc priest
              (13 damage)
             ... on level 3 of the Dungeon.
             The game lasted 00:03:55 (2151 turns).

pichaelthompson the Charmwright (Gargoyle Skald)    Turns: 2151, Time: 00:03:56

Health: -6/27      AC: 10    Str: 15    XL:     4   Next: 60%
Magic:  7/7        EV: 10    Int: 13    God:
Gold:   80         SH:  1    Dex: 10    Spells: 4/8 levels left

rFire    . . .     SeeInvis .   c - +2 dagger (holy)
rCold    . . .     Gourm    .   q - -2 buckler (curse)
rNeg     + . .     Faith    .   o - +0 ring mail
rPois    ∞         Spirit   .   (no helmet)
rElec    +         Reflect  .   r - +0 cloak
rCorr    .         Harm     .   (no gloves)
MR       .....                  (no boots)
Stlth    ..........             (no amulet)
HPRegen  0.09/turn              (no ring)
MPRegen  0.10/turn              (no ring)

@: no status effects
A: negative energy resistance 1, electricity resistance, unbreathing,
petrification resistance, rot immunity, AC +3
a: no special abilities


You were on level 3 of the Dungeon.
You were not hungry.

You visited 1 branch of the dungeon, and saw 3 of its levels.

You collected 80 gold pieces.

Inventory:

Hand Weapons
 a - a +0 mace
 c - a +2 dagger of holy wrath (weapon)
Missiles
 j - 8 boomerangs (quivered)
Armour
 o - a +0 ring mail (worn)
 q - a cursed -2 buckler (worn)
 r - a +0 cloak (worn)
Scrolls
 e - 2 scrolls of remove curse {unknown}
 g - 5 scrolls of identify {unknown}
 h - a scroll of enchant armour {unknown}
 k - a scroll of teleportation {unknown}
 n - a scroll of amnesia {unknown}
Potions
 f - a potion of curing {unknown}
 i - a potion of resistance {unknown}
 m - 2 potions of degeneration {unknown}
 p - a potion of ambrosia {unknown}
Comestibles
 d - 6 rations
 l - a chunk of flesh


   Skills:
 * Level 2.9 Fighting
 + Level 1.2 Short Blades
 + Level 2.0 Maces & Flails
 * Level 2.0 Armour
 + Level 1.5 Dodging
 * Level 0.1 Shields
 * Level 2.5 Spellcasting
 * Level 3.3 Charms


You had 4 spell levels left.
You knew the following spells:

 Your Spells              Type           Power        Failure   Level  Hunger
a - Infusion              Chrm           ##..         19%         1    #......
b - Spectral Weapon       Hex/Chrm       #.......     75%         3    ###....

Your spell library contained the following spells:

 Spells                   Type           Power        Failure   Level  Hunger
 Song of Slaying          Chrm           ##......     28%         2    ###....
 Shroud of Golubria       Chrm/Tloc      #.....       52%         2    ###....
 Regeneration             Chrm/Necr      #.........   75%         3    ###....


Dungeon Overview and Level Annotations

Branches:
Dungeon (3/15)

Altars:


Innate Abilities, Weirdness & Mutations

You are resistant to torment.
Your stone body is resilient. (AC +3)
You are immune to poison.
You resist negative energy. (rN+)
You are resistant to electric shocks. (rElec)
You can survive without breathing.
You are immune to petrification.
You are immune to rotting.


Message History

An orc and 2 orc priests come into view.
An orc priest is wielding a +0 vampiric whip.
The orc shouts!
The orc priest shouts! x2
Found 6 gold pieces.
You barely miss the orc priest.
The orc priest invokes the aid of Beogh against you.
Beogh smites you!
Your shield and ring mail prevent you from hitting the orc priest.
The orc priest calls down the wrath of Beogh upon you.
Beogh smites you!
* * * LOW HITPOINT WARNING * * *
You hit the orc priest but do no damage.
The orc priest looks satisfied for a moment.
You closely miss the orc priest.
The orc priest looks encouraged for a moment.
You hit the orc.
The orc is lightly wounded.
The orc priest calls down the wrath of Beogh upon you.
Beogh smites you!
You die...

+.........#
###.........#
###..........
...........#
...........#
...........#
...######.##
#.# #@# #o#


.oo ....$ ......# .......# ........# .......... You could see 2 orc priests and
an orc.

Vanquished Creatures
  4 adders (D:2)
  An ooze (D:3)
  A worm (D:2)
  4 dart slugs
  3 leopard geckos
  7 bats
  2 giant cockroaches
  6 goblins
  A hobgoblin (D:2)
  2 jackals (D:1)
  2 kobolds
  2 frilled lizards (D:1)
  4 rats
39 creatures vanquished.

Notes
Turn   | Place    | Note
-------+----------+-------------------------------------------
     0 | D:1      | pichaelthompson the Gargoyle Skald began the quest for the
                  | Orb.
     0 | D:1      | Reached XP level 1. HP: 12/12 MP: 3/3
   177 | D:1      | Reached XP level 2. HP: 14/18 MP: 5/5
   377 | D:1      | Reached skill level 3 in Charms
  1045 | D:2      | Reached XP level 3. HP: 20/22 MP: 6/6
  1059 | D:2      | Learned a level 3 spell: Spectral Weapon
  1239 | D:2      | Reached XP level 4. HP: 17/27 MP: 7/7
  1610 | D:2      | Reached skill level 1 in Short Blades
  2151 | D:3      | Killed from afar by an orc priest

Levels and vault maps discovered:
D:1:      eino_arrival_water_cross, layout_basic, minivault_19
D:2:      layout_basic, first_ration
D:3:      layout_basic, marbit_many_paths, old_standard_altar,
          makhleb_altar_promises_db

Skill      XL: |  1  2  3  4 |
---------------+-------------+-----
Charms         | 3 |  3.3
Short Blades   | 1 |  1.2
Armour         | 2 |  2.0
Fighting       | |  2.9
Maces & Flails | |  2.0
Dodging        | |  1.5
Shields        | |  0.1
Spellcasting   | |  2.5

Action                   |  1- 3 |  4- 6 || total
-------------------------+-------+-------++-------
Melee: Dagger            |    96 |    72 ||   168
Throw: Boomerang         |     4 |       ||     4
 Cast: Infusion          |     1 |       ||     1
  Eat: Chunk             |     1 |     3 ||     4
Armor: Leather armour    |    22 |       ||    22
       Ring mail         |    24 |    26 ||    50
Dodge: Dodged            |    56 |    28 ||    84
Block: Buckler           |       |     1 ||     1

Table legend:
 A = Non-vault XP
 B = Vault XP
 C = Vault XP percentage of total XP
 D = Non-vault monster count
 E = Vault monster count
 F = Vault count percentage of total count
                 A         B        C        D         E       F
            +---------+---------+-------+---------+---------+-------
      Total |     132 |       0 |   0.0 |      39 |       0 |   0.0
            +---------+---------+-------+---------+---------+-------
        D:1 |      27 |       0 |   0.0 |      13 |       0 |   0.0
        D:2 |      99 |       0 |   0.0 |      25 |       0 |   0.0
        D:3 |       6 |       0 |   0.0 |       1 |       0 |   0.0
            +---------+---------+-------+---------+---------+-------
